 Dungeon Crawl Stone Soup version 0.29-a0-352-g0917bc69df (webtiles) character file.

Game seed: 17626985517996181107

17593 sammy202020 the Fighter (level 12, -6/107 HPs)
             Began as a Palentonga Berserker on Apr 24, 2022.
             Was an Elder of Trog.
             Hit by a large rock thrown by a stone giant (21 damage)
             ... on level 10 of the Dungeon.
             The game lasted 00:21:07 (12513 turns).

sammy202020 the Fighter (Palentonga Berserker)     Turns: 12513, Time: 00:21:08

Health: -6/107     AC: 24    Str: 20    XL:     12   Next: 20%
Magic:  12/12      EV:  5    Int: 13    God:    Trog [****..]
Gold:   578        SH:  8    Dex: 18    Spells: 11/11 levels left

rFire   . . .      SeeInvis +   p - +3 war axe
rCold   + . .      Faith    .   y - +2 buckler {rPois}
rNeg    + . .      Spirit   .   L - +2 plate armour {rC+}
rPois   +          Reflect  .   b - +1 hat
rElec   .          Harm     .   F - +2 cloak {Stlth+}
rCorr   .          Rampage  .   f - +2 pair of gloves {infuse}
Will    .....                   (no barding)
Stlth   ..........              C - amulet of magic regeneration
HPRegen 0.27/turn               d - ring of positive energy
MPRegen 0.53/turn               z - +6 ring of dexterity

@: corroded, on berserk cooldown, slowed, curled up, very slow
A: large, rugged brown scales 3, see invisible, deformed body, roll 1, armoured
tail, reflexive curl, horns 1, clever 1
a: Rolling Charge, Renounce Religion, Berserk, Trog's Hand, Brothers in Arms


You were on level 10 of the Dungeon.
You worshipped Trog.
Trog was greatly pleased with you.
You visited 1 branch of the dungeon, and saw 10 of its levels.
You also visited: Bailey.

You collected 578 gold pieces.

Inventory:

Hand Weapons
 a - the +7 mace of the Howling One {venom, Will+ SInv}
   (You found it on level 6 of the Dungeon)

   It poisons the flesh of those it strikes.
   SInv:      It lets you see invisible.
   Will:      It increases your willpower.
 m - a +4 vorpal mace
 p - a +3 war axe (weapon)
 s - a +3 hunting sling
Armour
 b - a +1 hat (worn)
 f - a +2 pair of gloves of infusion (worn)
 u - a +0 helmet
 y - a +2 buckler of poison resistance (worn)
 F - a +2 cloak of stealth (worn)
 I - +0 acid dragon scales
 L - a +2 plate armour of cold resistance (worn)
Jewellery
 d - a ring of positive energy (left hand)
 e - an amulet of guardian spirit
 g - a ring of poison resistance
 z - a +6 ring of dexterity (right hand)
 C - an amulet of magic regeneration (around neck)
Wands
 t - a wand of mindburst (13)
 B - a wand of flame (26)
 E - a wand of iceblast (3)
Scrolls
 n - a scroll of identify
 q - a scroll of magic mapping
 x - a scroll of summoning {unknown}
 A - 3 scrolls of teleportation
 G - a scroll of fog
Potions
 c - 4 potions of curing
 h - a potion of mutation
 i - a potion of brilliance
 j - a potion of attraction
 k - 3 potions of flight
 l - a potion of might
 o - 2 potions of heal wounds
 r - a potion of ambrosia
 D - a potion of cancellation
 K - a potion of haste
 M - a potion of invisibility
 N - 2 potions of magic
Miscellaneous
 v - a phantom mirror
 w - a box of beasts


   Skills:
 * Level 11.6 Fighting
 * Level 11.5 Axes
 + Level 7.7 Armour
 - Level 4.0 Dodging
 + Level 5.0 Shields
 + Level 1.7 Evocations


You had 11 spell levels left.
You didn't know any spells.
Your spell library was empty.

Dungeon Overview and Level Annotations

Branches:
Dungeon (10/15)            Temple (0/1) D:6             Orc (0/2) D:9
 Bailey (visited)
   Lair: D:8-11

Altars:
Qazlal
Vehumet

Shops:
D:5 *

Annotations:
D:8 2 runed translucent doors


Innate Abilities, Weirdness & Mutations

You are completely covered in rugged brown scales. (AC +3, +7% HP)
You have supernaturally acute eyesight. (SInv)
Armour fits poorly on your strangely shaped body.
You can roll at nearby foes to attack.
You have a long armoured tail.
You curl defensively after being hit. (AC +7*)
You have a pair of small horns on your head.
Your mind is acute. (Int +2)


Message History

The basilisk bites you but does no damage. x4
The basilisk gazes at you. You resist with some effort. The basilisk bites you.
The stone giant hits you!! The basilisk gazes at you.
You resist with some effort.
The basilisk bites you but does no damage.
The stone giant hits you!
* * * LOW HITPOINT WARNING * * *
The basilisk bites you but does no damage.
The basilisk bites you!
* * * LOW HITPOINT WARNING * * *
The stone giant hits you!!
* * * LOW HITPOINT WARNING * * *
The basilisk bites you but does no damage.
The basilisk gazes at you. You resist with some effort.
The stone giant hits you!
* * * LOW HITPOINT WARNING * * *
The basilisk bites you but does no damage.
The basilisk gazes at you. You resist with some effort.
The stone giant hits you.
* * * LOW HITPOINT WARNING * * *
You are no longer berserk.
You feel yourself slow down. The basilisk gazes at you.
You resist with some effort. The basilisk gazes at you.
You resist with some effort.
The stone giant hits you but does no damage.
The basilisk bites you but does no damage.
The basilisk gazes at you. You resist with some effort.
The stone giant hits you but does no damage.
You turn to flesh and can move again.
The basilisk attacks as you move away! The basilisk barely misses you.
Things that are here:
a +0 giant club; a +0 giant spiked club
Okay, then.
Unknown command.
The stone giant throws a large rock.
The large rock hits you!!
You die...

..8...:8:...8...
#...#.⌠)⌠.#...#
#.............#
#####..#.#.#.#..#
#####...##.........#
#.#....).).##...8O..#
#......<.)..##.ll9D#
#........)..>###C###
......####..!.@).##
..#### #.........# #
#.......#.......
#.....##...........
$...###.......##...
.... #........####
#.. .........# ##
#...!......
.....#####.


You could see a stone giant, an acid dragon and a gargoyle.

Vanquished Creatures
  Gastronok (D:8)
  A two-headed ogre (D:10)
  The ghost of croobank the Firebug, a novice DrFE of Vehumet (D:7)
  A deep elf pyromancer (D:8)
  A manticore (D:8)
  A gargoyle (Bailey)
  Maurice (D:8)
  Maggie (D:8)
  Grinder (D:6)
  2 vampires
  A wraith (D:9)
  2 wyverns
  3 yaks (D:8)
  A steam dragon (D:8)
  An acid dragon (D:6)
  2 orc warriors
  3 sky beasts
  An ice beast (D:7)
  A black bear (D:7)
  A hornet zombie (D:5)
  An ogre (D:6)
  4 centaurs
  3 phantoms
  4 bullfrogs
  2 scorpions
  2 necrophages (D:6)
  10 wights
  A water moccasin zombie (D:5)
  3 howler monkeys
  7 vampire bats (Bailey)
  A bullfrog zombie (D:5)
  7 wolf zombies (Bailey)
  3 quasits (D:7)
  A centaur zombie (D:5)
  4 hounds
  A jelly (D:6)
  An orc priest (D:8)
  Crazy Yiuf (D:2)
  4 iguanas
  11 orc wizards
  Terence (D:3)
  A hound zombie (D:5)
  A howler monkey zombie (D:5)
  3 gnolls (D:5)
  5 adders
  18 orc zombies (Bailey)
  A shadow imp (D:7)
  A white imp (D:6)
  32 orcs
  3 bats
  7 endoplasms
  7 giant cockroaches
  15 goblins
  4 hobgoblins
  4 jackals
  6 quokkas
  9 ball pythons
  4 frilled lizards
  11 kobolds
  2 rats
233 creatures vanquished.

Vanquished Creatures (others)
  An acid dragon (D:8)
  A withered plant (D:5)
2 creatures vanquished.

Grand Total: 235 creatures vanquished

Notes
Turn   | Place    | Note
-------+----------+-------------------------------------------
     0 | D:1      | sammy202020 the Palentonga Berserker began the quest for
                  | the Orb.
     0 | D:1      | Reached XP level 1. HP: 19/19 MP: 1/1
   234 | D:1      | Found a faded altar of an unknown god.
   375 | D:1      | Reached XP level 2. HP: 24/25 MP: 2/2
  1317 | D:2      | Reached ** piety under Trog
  1396 | D:2      | Found a radiant altar of Vehumet.
  1450 | D:2      | Reached XP level 3. HP: 31/31 MP: 3/3
  2084 | D:2      | Found a runed translucent door.
  2085 | D:2      | Noticed Crazy Yiuf
  2094 | D:2      | Killed Crazy Yiuf
  2095 | D:2      | Reached XP level 4. HP: 35/39 MP: 2/4
  2462 | D:3      | Noticed Terence
  2492 | D:3      | Killed Terence
  2975 | D:3      | Reached XP level 5. HP: 38/44 MP: 5/5
  3505 | D:4      | Reached XP level 6. HP: 52/52 MP: 6/6
  3597 | D:4      | Reached *** piety under Trog
  3844 | D:4      | Paralysed by a kobold for 4 turns
  4432 | D:5      | Entered Level 5 of the Dungeon
  4559 | D:5      | Reached skill level 5 in Fighting
  4559 | D:5      | Reached skill level 5 in Axes
  4559 | D:5      | Gained mutation: You curl defensively after being hit. (AC
                  | +7*) [Palentonga growth]
  4559 | D:5      | Reached XP level 7. HP: 9/59 MP: 0/7
  4938 | D:5      | Found Teludikk's Assorted Antiques.
  4947 | D:5      | Identified the +0 chain mail of Filth {Harm rF- Int+4}
  5589 | D:6      | Noticed Grinder
  5592 | D:6      | Found a staircase to the Ecumenical Temple.
  5597 | D:6      | Paralysed by Grinder for 3 turns
  5631 | D:6      | Reached XP level 8. HP: 20/68 MP: 3/8
  5645 | D:6      | Paralysed by Grinder for 7 turns
  5659 | D:6      | Killed Grinder
  6323 | D:6      | Identified the +7 mace of the Howling One {venom, Will+
                  | SInv}
  7008 | D:6      | Reached skill level 5 in Armour
  7680 | D:7      | Reached XP level 9. HP: 70/77 MP: 7/9
  7744 | D:7      | Found a transporter.
  7747 | D:7      | Noticed croobank's ghost (novice DrFE)
  7785 | D:7      | Found a transporter.
  7810 | D:7      | Killed croobank's ghost
  7811 | D:7      | Reached skill level 1 in Shields
  8438 | D:7      | Gained mutation: You have a pair of small horns on your
                  | head. [potion of mutation]
  8438 | D:7      | Gained mutation: Your mind is acute. (Int +2) [potion of
                  | mutation]
  8539 | D:8      | Noticed Maggie
  8559 | D:8      | Killed Maggie
  8695 | D:8      | Reached XP level 10. HP: 31/87 MP: 5/10
  9162 | D:8      | Noticed Gastronok
  9178 | D:8      | Killed Gastronok
  9461 | D:8      | Noticed Maurice
  9471 | D:8      | Killed Maurice
  9577 | D:8      | Found a large runed translucent door.
  9748 | D:8      | Found a stormy altar of Qazlal.
  9896 | D:8      | Found a large runed translucent door.
  9899 | D:8      | Noticed a manticore
  9902 | D:8      | Noticed a deep elf pyromancer
  9919 | D:8      | Killed a manticore
  9945 | D:8      | Killed a deep elf pyromancer
 10380 | D:8      | Found a large runed translucent door.
 10380 | D:8      | Found a large runed translucent door.
 10774 | D:8      | Noticed a cyclops
 10827 | D:9      | Reached skill level 10 in Fighting
 11019 | D:9      | Found a staircase to the Orcish Mines.
 11126 | D:9      | Reached skill level 10 in Axes
 11310 | D:9      | Found a flagged portal.
 11319 | Bailey   | Entered a bailey
 11383 | Bailey   | Noticed a gargoyle
 11390 | Bailey   | Killed a gargoyle
 11391 | Bailey   | Reached skill level 1 in Evocations
 11391 | Bailey   | Reached XP level 11. HP: 75/96 MP: 8/11
 11416 | Bailey   | Reached **** piety under Trog
 11993 | Bailey   | Reached XP level 12. HP: 107/107 MP: 12/12
 12471 | D:10     | Entered Level 10 of the Dungeon
 12490 | D:10     | Noticed a two-headed ogre
 12495 | D:10     | Killed a two-headed ogre
 12496 | D:10     | Reached skill level 5 in Shields
 12496 | D:10     | Found the +10 dark maul {vorpal}
 12497 | D:10     | Noticed a two-headed ogre
 12498 | D:10     | Noticed a stone giant
 12513 | D:10     | Hit by a large rock thrown by a stone giant

Illustrated notes

Levels and vault maps discovered:
D:1:      dpeg_arrival_brainrot, layout_loops_ring,
          ebering_ecumenical_altar_rust, minmay_domino_4
D:2:      layout_basic, basic_altar, uniq_crazy_yiuf_cottage
D:3:      layout_loops_ring, st_stairs_4, uniq_terence
D:4:      layout_basic
D:5:      layout_basic, serial_shops, nicolae_shop_trees, serial_undead,
          serial_undead_f, serial_undead_c, serial_undead_b, serial_undead_a
D:6:      layout_basic, minmay_temple_entry_grid, hangedman_decor_lopped,
          uniq_grinder
D:7:      layout_basic, gammafunk_ghost_stat_death, minmay_fountain_box
D:8:      nicolae_BIG_FREAKIN_CUBE, layout_cave_pods, mainiacjoe_overflow_paths,
          minmay_hollow_rounded_squares, uniq_maggie, uniq_gastronok,
          uniq_maurice
D:9:      layout_basic, orc_0_dummy, serial_aquarium, aquarium_bridge_square
          [aquarium_subvault_window, aquarium_subvault_balcony,
          aquarium_subvault_bridge, aquarium_subvault_bridge],
          aquarium_window_corner, aquarium_window_corridor_3,
          aquarium_window_fake, aquarium_view_2c, aquarium_view_2d,
          aquarium_pool_1, enter_bailey_3
D:10:     minmay_roctagon, layout_layer_cave

Skill      XL: |  1  2  3  4  5  6  7  8  9 10 11 12 |
---------------+-------------------------------------+-----
Armour         | 2 3 4 5 6 7 |  7.7
Dodging        | 2 3 4 |  4.0
Axes           | 4 5 7 8 10 11 | 11.5
Fighting       | 4 5 7 8 10 11 | 11.6
Shields        | 2 3 4 5 |  5.0
Evocations     | 1 |  1.7

Action                   |  1- 3 |  4- 6 |  7- 9 | 10-12 || total
-------------------------+-------+-------+-------+-------++-------
Melee: Hand axe          |   117 |   198 |   361 |    86 ||   762
       Tailslap          |    11 |    21 |    48 |    36 ||   116
       Unarmed           |     4 |       |       |       ||     4
       Punch             |     3 |       |     4 |       ||     7
       Headbutt          |       |       |    21 |    54 ||    75
       War axe           |       |       |       |   164 ||   164
Invok: Berserk           |     1 |     2 |     5 |     6 ||    14
       Trog's Hand       |       |     1 |     3 |     3 ||     7
 Abil: Rolling Charge    |     3 |       |     5 |       ||     8
  Use: Scroll            |     6 |     7 |     4 |     8 ||    25
       Potion            |       |       |     1 |     4 ||     5
Armor: Animal skin       |    11 |       |       |       ||    11
       Plate armour      |    50 |   162 |   302 |   216 ||   730
Dodge: Dodged            |    46 |    42 |   114 |    52 ||   254
Block: Buckler           |       |       |    12 |   117 ||   129

Table legend: (Time is in decaauts)
 A = Elapsed time spent in this place.
 B = Non-inter-level travel time spent in this place.
 C = Inter-level travel time spent in this place.
 D = Time resting spent in this place.
 E = Time spent auto-exploring this place.
 F = Levels seen in this place.
 G = Mean time per level.
                   A        B        C        D        E       F      G
               +--------+--------+--------+--------+--------+-----+--------+
         Total |  12631 |  12173 |    458 |   1334 |   8541 |  11 | 1148.3 |
       Dungeon |  11940 |  11482 |    458 |   1289 |   8140 |  10 | 1194.0 |
        Bailey |    691 |    691 |      0 |     45 |    401 |   1 |  691.0 |
               +--------+--------+--------+--------+--------+-----+--------+

Top non-repeatable levels by time:
     D:8: 2233 daAuts
     D:6: 2034 daAuts
     D:4: 1216 daAuts
     D:2: 1202 daAuts
     D:1: 1199 daAuts
     D:5: 1169 daAuts
     D:9: 1042 daAuts
     D:7: 951 daAuts
     D:3: 849 daAuts
  Bailey: 691 daAuts
    D:10: 41 daAuts
